 Dungeon Crawl Stone Soup version 0.29-a0-1052-g6990b1bffc (webtiles) character file.

Game seed: 11798784845594805934

7652 JakeJacob the Basher (level 11, -16/71 HPs)
             Began as a Gargoyle Berserker on Aug 17, 2022.
             Was an Elder of Trog.
             Demolished by a two-headed ogre
             ... wielding a +0 giant spiked club
              (26 damage)
             ... on level 10 of the Dungeon.
             The game lasted 00:19:50 (10629 turns).

JakeJacob the Basher (Gargoyle Berserker)          Turns: 10629, Time: 00:19:50

Health: -16/71     AC: 19    Str: 32    XL:     11   Next: 18%
Magic:  11/11      EV: 10    Int:  7    God:    Trog [****..]
Gold:   401        SH: 11    Dex:  9    Spells: 10/10 levels left

rFire   + + .      SeeInvis +   v - +1 flail (holy)
rCold   . . .      Faith    .   j - +2 kite shield
rNeg    + + .      Spirit   .   s - +3 leather armour {rF+}
rPois   ∞          Reflect  .   b - +0 helmet
rElec   +          Harm     .   g - +0 cloak
rCorr   .          Rampage  .   (no gloves)
Will    .....                   l - +0 pair of boots
Stlth   ++........              (no amulet)
HPRegen 0.21/turn               c - ring of Ignis's Brutal Revenge {rF+ rN+ Str+6 SInv Stlth+}
MPRegen 0.12/turn               (no ring)

@: no status effects
A: sickness immunity, AC +8, negative energy resistance 1, electricity
resistance, torment resistance 1, petrification resistance
a: Renounce Religion, Berserk, Trog's Hand, Brothers in Arms


You were on level 10 of the Dungeon.
You worshipped Trog.
Trog was greatly pleased with you.
You visited 2 branches of the dungeon, and saw 11 of its levels.
You also visited: Sewer.

You collected 450 gold pieces.
You spent 49 gold pieces at shops.

Inventory:

Hand Weapons
 v - a +1 flail of holy wrath (weapon)
Armour
 b - a +0 helmet (worn)
 g - a +0 cloak (worn)
 j - a +2 kite shield (worn)
 l - a +0 pair of boots (worn)
 s - a +3 leather armour of fire resistance (worn)
Jewellery
 c - the ring of Ignis's Brutal Revenge (left hand) {rF+ rN+ Str+6 SInv Stlth+}
   (You acquired it on level 5 of the Dungeon)

   [ring of strength]

   Str:       It affects your strength (+6).
   rF:        It protects you from fire.
   rN:        It protects you from negative energy.
   SInv:      It lets you see invisible.
   Stlth:     It makes you more stealthy.
Wands
 i - a wand of flame (21)
 n - a wand of roots (15)
Scrolls
 a - 6 scrolls of teleportation
 e - 4 scrolls of fear
 k - 3 scrolls of butterflies
Potions
 d - 8 potions of curing
 f - 3 potions of invisibility
 h - a potion of ambrosia {unknown}
 m - 3 potions of flight
 o - a potion of heal wounds {unknown}
 p - a potion of resistance
 q - a potion of might {unknown}
 t - 2 potions of haste
 u - a potion of cancellation


   Skills:
 + Level 9.1 Fighting
 * Level 11.2 Maces & Flails
 + Level 8.6 Armour
 - Level 1.5 Dodging
 + Level 8.1 Shields


You had 10 spell levels left.
You didn't know any spells.
Your spell library contained the following spells:

 Spells                   Type           Power      Damage    Failure   Level
 Apportation              Tloc           0%         N/A       77%         1
 Alistair's Intoxication  Tmut/Pois      0%         N/A       100%        5


Dungeon Overview and Level Annotations

Branches:
Dungeon (10/15)            Temple (1/1) D:4           Sewer (visited)
   Lair: D:8-11         Orc: D:9-12

Altars:
Ashenzari
Dithmenos
Elyvilon
Fedhas
Gozag
Kikubaaqudgha
Makhleb
Nemelex Xobeh
Okawaru
Qazlal
Ru
Sif Muna
Trog
Uskayaw
Vehumet
Xom
Yredelemnul
Zin

Shops:
D:1 [[([*   D:9 [

Portals:
Abyss: D:6

Annotations:
D:6 2 transporters, quixfox's ghost, novice DsCj


Innate Abilities, Weirdness & Mutations

You are immune to sickness and miasma.
Your stone body is resilient. (AC +8)
You are immune to poison.
You resist negative energy. (rN+)
You are resistant to electric shocks. (rElec)
You are resistant to unholy torment.
You are immune to petrification.


Message History

You thump the two-headed ogre!
The two-headed ogre is heavily wounded.
You block the two-headed ogre's attack. x2
You sock the two-headed ogre!
The two-headed ogre is severely wounded.
You hit the two-headed ogre but do no damage.
The two-headed ogre is severely wounded.
You block the two-headed ogre's attack.
The two-headed ogre hits you with a +0 giant club!
You sock the two-headed ogre!
The two-headed ogre is almost dead.
You block the two-headed ogre's attack. The two-headed ogre closely misses you.
You barely miss the two-headed ogre.
The two-headed ogre is almost dead.
You hit the two-headed ogre.
The two-headed ogre is almost dead.
The two-headed ogre barely misses you.
The two-headed ogre hits you with a +0 giant club!
You barely miss the two-headed ogre.
The two-headed ogre is almost dead.
The two-headed ogre barely misses you. You block the two-headed ogre's attack.
You sock the two-headed ogre!
The two-headed ogre is almost dead.
You closely miss the two-headed ogre.
The two-headed ogre is almost dead.
You block the two-headed ogre's attack.
The two-headed ogre hits you with a +0 giant club!
* * * LOW HITPOINT WARNING * * *
You barely miss the two-headed ogre.
The two-headed ogre is almost dead.
The two-headed ogre hits you but does no damage.
The two-headed ogre hits you with a +0 giant club.
* * * LOW HITPOINT WARNING * * *
You closely miss the two-headed ogre.
The two-headed ogre is almost dead.
You barely miss the two-headed ogre.
The two-headed ogre is almost dead.
You block the two-headed ogre's attack.
The two-headed ogre hits you with a +0 giant club!!
You die... ###############.# ......O@.<....... ################.

You could see a two-headed ogre.

Vanquished Creatures
  Erica (D:7)
  A two-headed ogre (D:9)
  Pikel (D:7)
  Joseph (D:7)
  A troll (D:6)
  Grinder (D:5)
  Sigmund (D:2)
  11 yaks
  A wyvern (D:7)
  A human (D:6)
  4 vampire mosquitoes (D:7)
  Duvessa (D:5)
  3 ice beasts
  An orc warrior (D:7)
  2 sky beasts (D:8)
  3 ogres
  A centaur (D:7)
  A phantom (D:6)
  A lemure (D:6)
  4 bullfrogs
  2 kobold brigands
  3 necrophages
  A gnoll sergeant (D:5)
  3 scorpions
  Dowan (D:5)
  2 howler monkeys
  2 hounds
  3 iron imps (D:7)
  3 jellies
  An orc priest (D:7)
  Jessica (D:2)
  An iguana (D:7)
  4 orc wizards
  Ijyb (D:3)
  3 gnolls (D:5)
  5 adders
  5 river rats
  An ufetubus (D:5)
  2 worms (D:2)
  3 dart slugs
  15 orcs
  2 bat zombies (D:9)
  3 endoplasms (D:1)
  7 giant cockroaches
  9 goblins
  10 hobgoblins
  7 jackals
  3 quokkas
  9 ball pythons
  9 bats
  4 frilled lizards
  23 kobolds
  8 rats
  A rat zombie (D:9)
198 creatures vanquished.

Vanquished Creatures (collateral kills)
  A kobold brigand (D:8)
  3 kobolds (D:8)
4 creatures vanquished.

Grand Total: 202 creatures vanquished

Notes
Turn   | Place    | Note
-------+----------+-------------------------------------------
     0 | D:1      | JakeJacob the Gargoyle Berserker began the quest for the
                  | Orb.
     0 | D:1      | Reached XP level 1. HP: 14/14 MP: 1/1
    40 | D:1      | Found Yhetipt's Antique Armour Boutique.
   148 | D:2      | Reached XP level 2. HP: 16/19 MP: 2/2
   549 | D:1      | Reached XP level 3. HP: 21/23 MP: 3/3
   774 | D:1      | Found Ipoava's General Store.
   811 | D:1      | Found a faded altar of an unknown god.
   891 | D:1      | Found Qatujiwu's Weapon Shop.
   906 | D:1      | Reached ** piety under Trog
   930 | D:1      | Found Plog's Armour Emporium.
   960 | D:1      | Bought a +0 kite shield for 49 gold pieces
  1143 | D:1      | Found Qusaes's Antique Armour Emporium.
  1272 | D:1      | Reached XP level 4. HP: 29/29 MP: 4/4
  1789 | D:3      | Reached skill level 1 in Shields
  1795 | D:3      | Found a shadowy altar of Dithmenos.
  1862 | D:3      | Noticed Ijyb
  1877 | D:3      | Killed Ijyb
  1878 | D:3      | Reached skill level 4 in Maces & Flails
  2160 | D:3      | Found a glowing drain.
  2170 | D:3      | Reached XP level 5. HP: 11/33 MP: 5/5
  2289 | Sewer    | Entered a sewer
  2545 | Sewer    | Noticed a kobold brigand
  2556 | Sewer    | Killed a kobold brigand
  2557 | Sewer    | Reached XP level 6. HP: 39/39 MP: 6/6
  2625 | Sewer    | Found a white marble altar of Elyvilon.
  2775 | D:3      | Reached skill level 5 in Maces & Flails
  3163 | D:5      | Entered Level 5 of the Dungeon
  3173 | D:4      | Reached XP level 7. HP: 44/44 MP: 7/7
  3274 | D:2      | Reached *** piety under Trog
  3345 | D:2      | Noticed Sigmund
  3356 | D:2      | Killed Sigmund
  3357 | D:2      | Reached skill level 5 in Fighting
  3517 | D:2      | Noticed Jessica
  3525 | D:2      | Killed Jessica
  3815 | D:4      | Found a staircase to the Ecumenical Temple.
  3832 | Temple   | Entered the Ecumenical Temple
  4224 | D:5      | Noticed Duvessa
  4224 | D:5      | Noticed Dowan
  4233 | D:5      | Killed Duvessa
  4234 | D:5      | Reached skill level 6 in Maces & Flails
  4240 | D:5      | Killed Dowan
  4593 | D:5      | Reached XP level 8. HP: 46/50 MP: 8/8
  5198 | D:5      | Noticed Grinder
  5211 | D:5      | Paralysed by Grinder for 5 turns
  5219 | D:5      | Killed Grinder
  5220 | D:5      | Reached skill level 5 in Armour
  5427 | D:5      | Reached skill level 7 in Maces & Flails
  5518 | D:5      | Identified a scroll of acquirement
  5518 | D:5      | Acquired the ring of Ignis's Brutal Revenge {rF+ rN+ Str+6
                  | SInv Stlth+}
  5730 | D:6      | Found a stormy altar of Qazlal.
  5756 | D:6      | Reached XP level 9. HP: 53/56 MP: 9/9
  5776 | D:6      | Noticed a troll
  5791 | D:6      | Killed a troll
  5792 | D:6      | Reached skill level 8 in Maces & Flails
  5792 | D:6      | Reached skill level 5 in Shields
  6069 | D:6      | Found a transporter.
  6160 | D:6      | Noticed a white ugly thing
  6162 | D:6      | Noticed quixfox's ghost (novice DsCj)
  6164 | D:6      | Found a one-way gate to the infinite horrors of the Abyss.
  6172 | D:6      | Found a transporter.
  6362 | D:6      | Found a runed translucent door.
  6367 | D:6      | Found a basalt altar of Yredelemnul.
  7105 | D:7      | Reached skill level 9 in Maces & Flails
  7166 | D:7      | Noticed Pikel
  7377 | D:7      | Killed Pikel
  7378 | D:7      | Reached XP level 10. HP: 64/64 MP: 10/10
  7976 | D:7      | Noticed Joseph
  8183 | D:7      | Killed Joseph
  8270 | D:7      | Found a burning altar of Makhleb.
  8429 | D:7      | Found a shimmering blue altar of Sif Muna.
  8603 | D:7      | Reached **** piety under Trog
  8623 | D:8      | Found an opulent altar of Gozag.
  8638 | D:8      | Reached skill level 10 in Maces & Flails
  8664 | D:8      | Found a broken altar of Ashenzari.
  8790 | D:8      | Noticed Erica
  8826 | D:7      | Killed Erica
  9107 | D:9      | Noticed a two-headed ogre
  9117 | D:9      | Killed a two-headed ogre
  9578 | D:7      | Reached XP level 11. HP: 69/69 MP: 11/11
  9719 | D:8      | Found a blossoming altar of Fedhas.
  9730 | D:8      | Reached skill level 11 in Maces & Flails
  9730 | D:8      | Found a white marble altar of Elyvilon.
 10125 | D:9      | Found an ancient bone altar of Kikubaaqudgha.
 10156 | D:10     | Entered Level 10 of the Dungeon
 10247 | D:9      | Found Liur Nuqih's Antique Armour Shoppe.
 10611 | D:10     | Noticed a two-headed ogre
 10629 | D:10     | Demolished by a two-headed ogre

Illustrated notes

Levels and vault maps discovered:
D:1:      lightli_arrival_farm, layout_basic,
          shapermc_ecumenical_altar_totnotflames, serial_shops, shop_coins,
          nicolae_shop_behind_doors, shop_statue, shop,
          nicolae_shop_statue_plus, st_stairs_11, hex_intersection,
          dreamdust_mushroom_princess
D:2:      layout_loops_ring, uniq_jessica, uniq_sigmund
D:3:      layout_rooms, nicolae_dithmenos_through_a_glass_darkly,
          portal_sewer_entry_b, uniq_ijyb
D:4:      layout_rooms, minmay_temple_entry_mist
D:5:      layout_loops_ring, uniq_duvessa, uniq_grinder
D:6:      layout_basic, nicolae_qazlal_scattered_showers, dk_yredelemnul_ordeal,
          gammafunk_ghost_abyssal_escape
D:7:      kb_forest_paths, layout_basic, demons_altar, tgw_sif, uniq_pikel,
          uniq_joseph
D:8:      corexii_shack_village, layout_cave_pools, nicolae_ashenzari_skybound,
          mainiacjoe_overflow_catwalk_spiral, nicolae_gozag_seed_capital,
          uniq_erica
D:9:      layout_irregular_city, lemuel_zombie_altar_kikubaaqudgha, orc_0_dummy,
          serial_shops, shop
D:10:     layout_basic, nicolae_tso_carved_into_rock,
          mainiacjoe_overflow_alcove_2, mainiacjoe_overflow_six_doors_small,
          nicolae_overflow_crystal_walls, serial_shops, shop_fountains,
          uniq_sonja
Temple:   hellmonk_temple_flake

Skill      XL: |  1  2  3  4  5  6  7  8  9 10 11 |
---------------+----------------------------------+-----
Shields        | 1 2 3 4 6 7 8 |  8.1
Armour         | 3 4 5 7 8 |  8.6
Fighting       | 4 5 6 7 8 9 |  9.1
Maces & Flails | 4 5 6 7 9 10 11 | 11.2
Dodging        | |  1.5

Action                   |  1- 3 |  4- 6 |  7- 9 | 10-12 || total
-------------------------+-------+-------+-------+-------++-------
Melee: Mace              |   130 |   141 |       |       ||   271
       Punch             |     2 |       |       |       ||     2
       Flail             |       |    12 |   256 |   268 ||   536
Invok: Berserk           |       |     2 |     5 |     5 ||    12
  Use: Scroll            |       |     7 |     6 |     5 ||    18
 Stab: Sleeping          |       |       |     1 |     2 ||     3
Armor: Animal skin       |    19 |       |       |       ||    19
       Scale mail        |    60 |    75 |    35 |       ||   170
       Leather armour    |       |       |    61 |    93 ||   154
Dodge: Dodged            |    85 |    56 |    89 |   100 ||   330
Block: Kite shield       |    12 |    63 |   119 |   185 ||   379

Table legend: (Time is in decaauts)
 A = Elapsed time spent in this place.
 B = Non-inter-level travel time spent in this place.
 C = Inter-level travel time spent in this place.
 D = Time resting spent in this place.
 E = Time spent auto-exploring this place.
 F = Levels seen in this place.
 G = Mean time per level.
                   A        B        C        D        E       F      G
               +--------+--------+--------+--------+--------+-----+--------+
         Total |  10965 |  10703 |    262 |   3323 |   4231 |  12 |  913.8 |
       Dungeon |  10297 |  10045 |    252 |   3129 |   4025 |  10 | 1029.7 |
        Temple |    152 |    142 |     10 |      0 |    134 |   1 |  152.0 |
         Sewer |    515 |    515 |      0 |    194 |     71 |   1 |  515.0 |
               +--------+--------+--------+--------+--------+-----+--------+

Top non-repeatable levels by time:
     D:7: 2037 daAuts
     D:6: 1733 daAuts
     D:5: 1440 daAuts
     D:1: 1248 daAuts
     D:2: 1050 daAuts
     D:3: 928 daAuts
     D:8: 734 daAuts
     D:9: 650 daAuts
   Sewer: 515 daAuts
     D:4: 453 daAuts
  Temple: 152 daAuts
    D:10: 19 daAuts
